Get step-by-step instructions on how to execute this build order below. Start the game timer, and the build order will tick by so you can play in parallel with StarCraft on a second screen or mobile device.

Game Time

  0:00

Last Step

  N/A

Next Step

  12  0:01  SCV  

Upcoming Step

  13  0:13  SCV  

Don't want to look back and forth between 2 screens? Try out our Overwolf App, the Spawning Tool Build Advisor to get an in-game overlay with this build!

Complete Build Order

  12  0:01  SCV  
  13  0:13  SCV  
  14  0:19  Supply Depot  
  14  0:25  SCV  
  15  0:40  SCV  
  16  0:44  Barracks  
  16  0:49  Refinery  
  16  0:53  SCV  
  17  1:05  SCV  
  18  1:19  SCV  
  19  1:36  Orbital Command  
  19  1:37  Reaper  
  20  1:48  Command Center  
  20  1:53  Refinery  
  20  2:00  Supply Depot  
  20  2:03  SCV  
  21  2:14  Barracks Reactor  
  21  2:15  SCV  
  21  2:22  Barracks  
  22  2:28  Factory  
  22  2:35  SCV  
  23  2:49  SCV  
  24  2:54  Marine x2  
  26  3:01  SCV  
  26  3:03  Orbital Command  
  27  3:17  Factory Reactor  
  27  3:18  Barracks Tech Lab  
  28  3:20  Armory  
  28  3:23  Starport  
  27  3:29  Marine x2  
  27  3:30  SCV  
  30  3:35  SCV  
  31  3:43  SCV  
  31  3:45  Marine  
  31  3:48  Stimpack  
  30  4:09  SCV x2  
  28  4:10  Barracks Reactor  
  28  4:12  Starport Reactor  
  28  4:22  SCV  
  29  4:24  SCV  
  29  4:27  Supply Depot  
  29  4:28  Supply Depot  
  30  4:47  Supply Depot  
  30  4:48  Marine, SCV x2  
  30  4:49  Hellion x2  
  30  4:50  Marine x2  
  39  5:00  Supply Depot, SCV  
  39  5:06  Marine  
  41  5:07  Supply Depot  
  41  5:11  Marine x2  
  41  5:13  Medivac x2  
  47  5:16  SCV  
  47  5:20  SCV  
  49  5:24  Marine  
  50  5:29  Marine x2  
  50  5:30  Widow Mine  
  50  5:31  Widow Mine  
  50  5:32  SCV  
  50  5:35  Refinery x2  
  57  5:45  SCV x2  
  57  5:47  Marine x2  
  60  6:04  Marine  
  60  6:05  Marine  
  60  6:06  SCV  
  60  6:11  Command Center  
  63  6:15  Barracks  
  63  6:16  Barracks, SCV  
  64  6:19  SCV  
  65  6:27  Supply Depot  
  65  6:28  SCV  
  65  6:30  Supply Depot